[Event "Titled Tuesday Blitz December 13 Early 2022"]
[White "Makhnev, Denis"]
[Black "Lortkipanidze, Nodar"]
[WhiteFideId "13707647"]
[BlackFideId "13604058"]
[WhiteElo "2507"]
[BlackElo "2293"]
[Result "1-0"]
[Round "08"]
[TimeControl "180+1"]
[Date "2022.12.13"]
[WhiteClock "0:00:18"]
[BlackClock "0:00:02"]

1. d4 e6 2. c4 b6 3. a3 Bb7 4. Nc3 f5 5. d5 Nf6 6. Bf4 Na6 7. e3 Nc5 8. Nf3 a5 9. Be2 Nfe4 10. Nb5 d6 11. h4 e5 12. Bh2 a4 13. Rb1 Be7 14. h5 O-O 15. Nd2 Bh4 16. O-O Ba6 17. Nxe4 Nxe4 18. Qc2 Bxb5 19. cxb5 Nc5 20. f4 e4 21. g4 fxg4 22. Bxg4 Qe8 23. Kh1 Qxb5 24. Qg2 h6 25. Qh3 Bf6 26. Rg1 Kh8 27. Bf5 Nd3 28. Qg3 Qxd5 29. Qg6 Kg8 30. Rg2 Rfe8 31. Qxf6 Qf7 32. Qxf7+ Kxf7 33. Bg6+ Kf6 34. Bxe8 Rxe8 35. Kg1 c5 36. Kf1 c4 37. Ke2 d5 38. Kd2 d4 39. Rg6+ Kf7 40. Rxb6 Rc8 41. exd4 Nf2 42. Rg1 Nd3 1-0


[Site "https://www.chess.com"]

[Event "Titled Tuesday Blitz December 13 Early 2022"]
[White "Maksimenko, Viktor"]
[Black "Kosteniuk, Alexandra"]
[WhiteFideId "13710478"]
[BlackFideId "4128125"]
[WhiteElo "2277"]
[BlackElo "2469"]
[Result "0-1"]
[Round "08"]
[TimeControl "180+1"]
[Date "2022.12.14"]
[WhiteClock "0:00:33"]
[BlackClock "0:00:40"]

1. d4 f5 2. g3 Nf6 3. Bg2 g6 4. Nd2 Bg7 5. e4 fxe4 6. Nxe4 O-O 7. Nxf6+ exf6 8. c4 Nc6 9. Ne2 Ne7 10. O-O d6 11. Re1 g5 12. Qb3 Kh8 13. Nc3 Rb8 14. Ne4 Ng6 15. Bd2 h6 16. Bc3 f5 17. Nd2 f4 18. Qc2 Bf5 19. Be4 Qd7 20. Nf3 g4 21. Nd2 fxg3 22. hxg3 Rf7 23. Bxf5 Rxf5 24. Nf1 Rbf8 25. Ne3 R5f6 26. Nd5 Rf5 27. Ne3 Rg5 28. Qe4 c6 29. Re2 d5 30. cxd5 cxd5 31. Qd3 Qf7 32. Ng2 Qf3 33. Rd1 Rgf5 34. Qd2 R5f7 35. Rde1 Kh7 36. Qc2 Qf5 37. Ne3 Qh5 38. Ng2 Kg8 39. Re6 Rf6 40. Rxf6 Rxf6 41. Re8+ Nf8 42. Nf4 Qxe8 43. Nxd5 Rf3 44. Qb3 Qf7 0-1


[Site "https://www.chess.com"]

[Event "Titled Tuesday Blitz December 13 Early 2022"]
[White "Maksimovic, Bojan"]
[Black "Sprenar, Petr"]
[WhiteFideId "14408120"]
[BlackFideId "397164"]
[WhiteElo "2462"]
[BlackElo "2182"]
[Result "0-1"]
[Round "08"]
[TimeControl "180+1"]
[Date "2022.12.14"]
[WhiteClock "0:00:09"]
[BlackClock "0:00:09"]

1. e4 c5 2. Nf3 e6 3. d4 cxd4 4. Nxd4 Nc6 5. Nc3 Qc7 6. Be3 a6 7. Qf3 Nf6 8. O-O-O Ne5 9. Qg3 b5 10. f4 Neg4 11. e5 Nxe3 12. Qxe3 b4 13. Ne4 Nxe4 14. Qxe4 Bb7 15. Qe3 Bc5 16. Qg3 O-O 17. h4 Rac8 18. Qf2 f6 19. Qe2 fxe5 20. fxe5 Rf4 21. Nb3 Rf2 22. Rxd7 Qxd7 23. Nxc5 Rxf1+ 24. Rxf1 Rxc5 25. Rd1 Rd5 26. Re1 Rd4 27. Qf2 Rd5 28. Qb6 Qc6 29. Qxb4 Rc5 30. Qb3 Qd5 31. Qxd5 Rxd5 32. g3 Kf7 33. b3 Kg6 34. Re3 Kf5 35. Rf3+ Kg6 36. Re3 h5 37. c4 Rd4 38. Kc2 Re4 39. Rd3 Rxe5 40. Rd7 Be4+ 41. Kc3 Bb1 42. a4 Ba2 43. Kb2 Re2+ 44. Ka3 Bb1 45. Ra7 Re3 46. Kb2 Bf5 47. Rxa6 Rxg3 48. a5 Rg2+ 49. Ka3 Rg1 50. Kb2 Rb1+ 51. Ka2 Kf6 52. Rb6 Rd1 53. a6 Rd8 54. b4 Be4 55. b5 g5 56. hxg5+ Kxg5 57. c5 h4 58. Rxe6 Bd5+ 59. Ka3 Bxe6 60. c6 Bd5 61. Kb4 h3 62. Kc5 h2 63. c7 Rc8 64. Kxd5 h1=Q+ 65. Kd6 Qd1+ 66. Kc6 Qc2+ 67. Kd5 Qxc7 68. b6 Qxb6 69. a7 Rc5+ 70. Kd4 Qb4+ 71. Kd3 Rc3+ 72. Kd2 Qb2+ 73. Kd1 Rc1# 0-1


[Site "https://www.chess.com"]

[Event "Titled Tuesday Blitz December 13 Early 2022"]
[White "Manelyuk, Daniil"]
[Black "Ibarra Jerez, Jose Carlos"]
[WhiteFideId "44173920"]
[BlackFideId "2226332"]
[WhiteElo "2210"]
[BlackElo "2638"]
[Result "0-1"]
[Round "08"]
[TimeControl "180+1"]
[Date "2022.12.14"]
[WhiteClock "0:00:22"]
[BlackClock "0:01:21"]

1. e4 c5 2. Nf3 Nc6 3. d4 cxd4 4. Nxd4 e5 5. Nb5 a6 6. Nd6+ Bxd6 7. Qxd6 Qe7 8. Qd1 Nf6 9. Nc3 d6 10. Bg5 Be6 11. Be2 Nd4 12. Be3 Nxe2 13. Qxe2 Rc8 14. f3 b5 15. a3 O-O 16. Kf2 d5 17. exd5 Nxd5 18. Nxd5 Bxd5 19. Rhd1 Bb7 20. Kg1 f5 21. c3 Rce8 22. b4 Rf7 23. Bc5 Qg5 24. Rd6 e4 25. Rad1 h6 26. Rd7 Rxd7 27. Rxd7 Bc6 28. f4 Qxf4 29. Rd6 Ba8 30. Qa2+ Kh8 31. Qf7 Qc1+ 32. Kf2 e3+ 33. Kg3 Qe1+ 34. Kh3 Bxg2+ 35. Kxg2 Qf2+ 36. Kh3 Qf3+ 37. Kh4 Qg4# 0-1


[Site "https://www.chess.com"]

[Event "Titled Tuesday Blitz December 13 Early 2022"]
[White "Manukyan, Sargis A."]
[Black "Asavasaetakul, Chawit"]
[WhiteFideId "13303970"]
[BlackFideId "6204856"]
[WhiteElo "2187"]
[BlackElo "1919"]
[Result "0-1"]
[Round "08"]
[TimeControl "180+1"]
[Date "2022.12.14"]
[WhiteClock "0:00:06"]
[BlackClock "0:01:08"]

1. d4 d5 2. c4 c6 3. Nf3 Nf6 4. e3 Bf5 5. Nc3 e6 6. Nh4 Bg6 7. Qb3 Qb6 8. Nxg6 hxg6 9. Bd2 Nbd7 10. Bd3 Be7 11. h3 O-O 12. O-O dxc4 13. Bxc4 e5 14. Rfe1 Rad8 15. Rad1 Bd6 16. d5 e4 17. dxc6 bxc6 18. Na4 Qc7 19. Qc2 Ne5 20. Be2 Qe7 21. Bc3 Bb8 22. Ba5 Rd5 23. Rxd5 Nxd5 24. Qxe4 Qd6 25. g3 g5 26. Rd1 Ng6 27. Nc3 Nge7 28. Bc4 Nxc3 29. Rxd6 Nxe4 30. Rd7 Ng6 31. f3 Nxg3 32. Bb4 Ne5 33. Bxf8 Nxd7 34. Bb4 Nf5 35. Kf2 Nb6 36. Bd3 Nd6 37. Bc5 Ne8 38. b3 Bd6 39. Bd4 Nf6 40. a4 Kf8 41. a5 Nc8 42. Bf5 Ne7 43. Bd3 Bb8 44. Bc5 Ke8 45. Bc4 Nd7 46. Bd4 f6 47. b4 Nd5 48. b5 Ne7 49. b6 axb6 50. axb6 Nd5 51. e4 N5xb6 52. Be6 Ke7 53. Bf5 c5 54. Be3 Be5 55. Ke2 Nc4 56. Bd2 Nxd2 57. Kxd2 c4 58. Kc2 Nc5 59. Bg4 Nd3 60. Bh5 Nf4 61. Bg4 Kd6 62. Kd2 Kc5 63. Kc2 Kd4 64. Bd7 Ke3 65. Bg4 Kf2 66. Kc1 Ne2+ 67. Kc2 Nd4+ 68. Kc1 Nxf3 69. Kc2 Nh2 70. Bf5 Ke3 71. Bg6 Nf3 72. Bf5 Ne1+ 73. Kc1 Bd6 74. h4 gxh4 75. e5 Bxe5 76. Kb1 Nd3 77. Ka2 Kd2 78. Kb1 c3 79. Ka2 c2 80. Bxd3 Kxd3 81. Kb3 c1=Q 82. Ka4 Qc4+ 83. Ka3 Bd6+ 84. Kb2 Qc2+ 85. Ka1 Be5# 0-1


[Site "https://www.chess.com"]

[Event "Titled Tuesday Blitz December 13 Early 2022"]
[White "Martin Duque, Jesus"]
[Black "Diaz Rosas, Julio Cesar"]
[WhiteFideId "2208954"]
[BlackFideId "5105099"]
[WhiteElo "2297"]
[BlackElo "2246"]
[Result "0-1"]
[Round "08"]
[TimeControl "180+1"]
[Date "2022.12.14"]
[WhiteClock "0:00:46"]
[BlackClock "0:01:17"]

1. Nf3 d5 2. b3 Nf6 3. Bb2 g6 4. c4 Bg7 5. cxd5 O-O 6. g3 Qxd5 7. Nc3 Qh5 8. h3 Nc6 9. Bg2 Rd8 10. g4 Qa5 11. a3 Ne4 12. b4 Qb6 13. Nxe4 Bxb2 14. Rb1 Bg7 15. Nc5 Nd4 16. Ng5 c6 17. e3 Nb5 18. a4 Nd6 19. Qb3 Qc7 20. Nce4 e6 21. Nc5 b6 22. Nd3 Bb7 23. h4 Qe7 24. f4 h6 25. Nf3 c5 26. h5 c4 27. Qd1 cxd3 28. hxg6 fxg6 29. g5 h5 30. Nh4 Qf7 31. Bxb7 Nxb7 32. Qf3 Nd6 33. e4 Nc4 34. Rc1 Rac8 35. e5 Rd4 36. Qf2 Rcd8 37. Nf3 Rxf4 38. Rh3 Rf8 0-1


[Site "https://www.chess.com"]

[Event "Titled Tuesday Blitz December 13 Early 2022"]
[White "Martinez Ramirez, Lennis"]
[Black "Jiganchine, Roman"]
[WhiteFideId "3509079"]
[BlackFideId "2603667"]
[WhiteElo "2439"]
[BlackElo "2366"]
[Result "1-0"]
[Round "08"]
[TimeControl "180+1"]
[Date "2022.12.14"]
[WhiteClock "0:00:53"]
[BlackClock "0:00:01"]

1. c4 e6 2. d4 d5 3. Nf3 Nf6 4. e3 c5 5. Nc3 a6 6. cxd5 exd5 7. a3 Nc6 8. dxc5 Bxc5 9. b4 Ba7 10. b5 axb5 11. Nxb5 Bb6 12. Be2 O-O 13. h3 Ne4 14. O-O Be6 15. Bb2 Re8 16. Nfd4 Bxh3 17. gxh3 Qg5+ 18. Kh2 Qh4 19. Qe1 Ng5 20. Bg4 Ne5 21. Qe2 g6 22. Rg1 Nc4 23. Rg3 Ne4 24. Rg2 h5 25. Nf3 Qe7 26. Bxh5 Nxb2 27. Qxb2 d4 28. Nbxd4 Bc7+ 29. Kg1 Kh7 30. Nf5 Qf6 31. Ng5+ Kg8 32. Nh6+ Kf8 33. Nh7+ Kg7 34. Nxf6 Nxf6 35. Nf5+ 1-0


[Site "https://www.chess.com"]

[Event "Titled Tuesday Blitz December 13 Early 2022"]
[White "Matinian, Nikita"]
[Black "Mkrtchian, Lilit"]
[WhiteFideId "24129100"]
[BlackFideId "13300601"]
[WhiteElo "2422"]
[BlackElo "2316"]
[Result "1-0"]
[Round "08"]
[TimeControl "180+1"]
[Date "2022.12.14"]
[WhiteClock "0:02:53"]
[BlackClock "0:02:00"]

1. e4 e6 2. d4 d5 3. Nc3 Nf6 4. Bg5 dxe4 5. Nxe4 Be7 6. Bxf6 gxf6 7. Nf3 f5 8. Nc3 a6 9. g3 c5 10. Bg2 cxd4 11. Qxd4 Nc6 12. Qxh8+ 1-0


[Site "https://www.chess.com"]

[Event "Titled Tuesday Blitz December 13 Early 2022"]
[White "Matveeva, Olga"]
[Black "Zemlyanskii, Ivan"]
[WhiteFideId "24107018"]
[BlackFideId "24249971"]
[WhiteElo "2056"]
[BlackElo "2107"]
[Result "0-1"]
[Round "08"]
[TimeControl "180+1"]
[Date "2022.12.14"]
[WhiteClock "0:00:04"]
[BlackClock "0:00:17"]

1. d4 d5 2. c4 e6 3. Nf3 Nf6 4. g3 dxc4 5. Bg2 a6 6. Ne5 Bb4+ 7. Nc3 Nd5 8. Bd2 Nb6 9. e3 O-O 10. O-O N8d7 11. Qe2 Nxe5 12. dxe5 Rb8 13. Rfd1 Bd7 14. a3 Bxc3 15. Bxc3 Qg5 16. h4 Qg6 17. Rd4 h6 18. Rg4 Qh7 19. Be4 Qh8 20. h5 Bc6 21. Bxc6 bxc6 22. e4 Rfd8 23. Rd1 Kh7 24. Rd4 Rxd4 25. Bxd4 Qd8 26. Qe3 Qd7 27. Kg2 Na4 28. Bc3 Rb3 29. Qc1 Qd3 30. Rf4 Nxc3 31. bxc3 Rb1 32. Qe3 Qxe3 33. fxe3 Kg8 34. Rf2 Rb3 35. Rd2 Rxc3 36. Rd8+ Kh7 37. Rd7 Rxe3 38. Rxc7 Rxe4 39. Rxc6 Rxe5 40. Rxc4 Rxh5 41. Kf3 Rf5+ 42. Ke4 Kg6 43. g4 Rd5 44. a4 a5 45. Kf4 h5 46. gxh5+ Rxh5 47. Kg3 Rd5 48. Re4 Kf6 49. Rf4+ Rf5 50. Rc4 g5 51. Rd4 Rd5 52. Rc4 Kf5 53. Kf3 f6 54. Kg3 Rd3+ 55. Kf2 Rd5 56. Kg3 e5 57. Kf3 e4+ 58. Ke3 g4 59. Kf2 Kf4 0-1


[Site "https://www.chess.com"]

[Event "Titled Tuesday Blitz December 13 Early 2022"]
[White "Mazurkiewicz, Michal"]
[Black "Kostiukov, Alexandr"]
[WhiteFideId "1124943"]
[BlackFideId "14108100"]
[WhiteElo "2081"]
[BlackElo "2202"]
[Result "1-0"]
[Round "08"]
[TimeControl "180+1"]
[Date "2022.12.14"]
[WhiteClock "0:02:33"]
[BlackClock "0:00:54"]

1. e4 c5 2. Nf3 g6 3. g3 Bg7 4. Bg2 Nc6 5. O-O e5 6. d3 Nge7 7. Nc3 O-O 8. Nd2 d6 9. Nc4 Be6 10. Nd5 Qd7 11. a4 f5 12. f4 fxe4 13. dxe4 exf4 14. Bxf4 Bxd5 15. exd5 Nd4 16. c3 b5 17. Nxd6 Rxf4 18. Rxf4 Qxd6 19. cxd4 Bxd4+ 20. Kh1 Nxd5 21. Rxd4 cxd4 22. Qxd4 Rd8 23. Rd1 bxa4 24. Bxd5+ Kf8 25. Qh8+ Ke7 26. Qg7+ 1-0


[Site "https://www.chess.com"]

[Event "Titled Tuesday Blitz December 13 Early 2022"]
[White "Mendez Fortes, Eduardo Jesus"]
[Black "Shipov, Sergei"]
[WhiteFideId "3502376"]
[BlackFideId "4113624"]
[WhiteElo "2307"]
[BlackElo "2768"]
[Result "1-0"]
[Round "08"]
[TimeControl "180+1"]
[Date "2022.12.14"]
[WhiteClock "0:00:31"]
[BlackClock "0:00:01"]

1. e4 e6 2. d4 d5 3. Nd2 Be7 4. c3 c5 5. dxc5 Nf6 6. exd5 Qxd5 7. Nb3 Qxd1+ 8. Kxd1 O-O 9. f3 e5 10. Kc2 Rd8 11. Bd3 Nbd7 12. Be3 Nd5 13. Bf2 Nf4 14. Bf1 Nf6 15. g4 h5 16. h3 Be6 17. Ne2 Nd3 18. Be3 e4 19. fxe4 Nxe4 20. Ned4 Ndxc5 21. Nxe6 Nxe6 22. Bg2 Nd6 23. gxh5 a5 24. Nd4 Nc4 25. Bf2 Nf4 26. Bf3 Rac8 27. Rae1 Bf6 28. Rd1 b6 29. h6 g6 30. h4 Ne5 31. Be4 Ng4 32. Bg1 Rc4 33. b3 Rcc8 34. Nb5 Ne2 35. Rxd8+ Bxd8 36. Bf3 Nxg1 37. Bxg4 Rc5 38. c4 f5 39. Bd1 1-0


[Site "https://www.chess.com"]

[Event "Titled Tuesday Blitz December 13 Early 2022"]
[White "Mesa Cruz, Juan Carlos"]
[Black "Kulkarni, Vikramaditya"]
[WhiteFideId "6423400"]
[BlackFideId "5009847"]
[WhiteElo "2059"]
[BlackElo "2273"]
[Result "0-1"]
[Round "08"]
[TimeControl "180+1"]
[Date "2022.12.14"]
[WhiteClock "0:00:01"]
[BlackClock "0:00:44"]

1. e4 e6 2. Qe2 e5 3. g3 Nf6 4. Bg2 g6 5. c3 Bg7 6. Nf3 d6 7. O-O O-O 8. d4 Re8 9. d5 c6 10. dxc6 Nxc6 11. Bg5 Be6 12. Rd1 a6 13. Na3 b5 14. Nc2 Qc7 15. Bxf6 Bxf6 16. Ne3 Ne7 17. Qd2 Red8 18. Ne1 Bg5 19. N1c2 a5 20. Qd3 Qb6 21. a4 bxa4 22. Rdb1 Bb3 23. h4 Bh6 24. Ng4 Bg7 25. Nce3 h5 26. Nh2 Bh6 27. Nhf1 Rab8 28. Bh3 Qb5 29. c4 Qc5 30. Kg2 Rb4 31. Rc1 Rc8 32. Nd2 Bxe3 33. fxe3 Rc7 34. Rc3 Bxc4 35. Nxc4 Rxc4 36. Rxc4 Qxc4 37. Qxd6 Qxe4+ 38. Kg1 Qxe3+ 39. Kh1 Rc2 40. Qxe7 Qf3+ 0-1


[Site "https://www.chess.com"]

[Event "Titled Tuesday Blitz December 13 Early 2022"]
[White "Miszler, Levente"]
[Black "Odegov, Artem"]
[WhiteFideId "763276"]
[BlackFideId "34183644"]
[WhiteElo "2176"]
[BlackElo "2300"]
[Result "0-1"]
[Round "08"]
[TimeControl "180+1"]
[Date "2022.12.14"]
[WhiteClock "0:01:33"]
[BlackClock "0:01:52"]

1. Nf3 d5 2. c4 e6 3. g3 c5 4. cxd5 exd5 5. Bg2 Nc6 6. O-O Nf6 7. b3 Be7 8. Bb2 O-O 9. d4 Ne4 10. Nbd2 Bf5 11. Nxe4 dxe4 12. Nh4 Bxh4 13. gxh4 cxd4 14. Rc1 Qxh4 15. Bxd4 Rad8 16. e3 Bg4 17. Qc2 Bf3 18. Kh1 Qg4 19. Rg1 Rd6 20. Bxf3 Qxf3+ 21. Rg2 Nxd4 22. exd4 Rxd4 23. Qb2 Rd1+ 24. Rxd1 Qxd1+ 25. Rg1 Qf3+ 26. Rg2 g6 27. Qd2 Rc8 28. a4 h5 29. a5 Kh7 30. a6 bxa6 31. b4 Rc3 0-1


[Site "https://www.chess.com"]

[Event "Titled Tuesday Blitz December 13 Early 2022"]
[White "Mohammed, Dilshad"]
[Black "Rian, Kapriaga"]
[WhiteFideId "5050421"]
[BlackFideId "7103263"]
[WhiteElo "2102"]
[BlackElo "2273"]
[Result "0-1"]
[Round "08"]
[TimeControl "180+1"]
[Date "2022.12.14"]
[WhiteClock "0:00:40"]
[BlackClock "0:01:16"]

1. Nf3 d5 2. d4 Nf6 3. Bf4 e6 4. e3 Bd6 5. Bg3 O-O 6. Bd3 c5 7. Nbd2 Qc7 8. c3 Nbd7 9. O-O Bxg3 10. fxg3 e5 11. Nh4 cxd4 12. cxd4 e4 13. Be2 Qb6 14. Nb3 a5 15. g4 a4 16. g5 axb3 17. gxf6 Nxf6 18. a3 Bd7 19. Nf5 Bxf5 20. Rxf5 Rac8 21. Rc1 Rc6 22. Rxc6 bxc6 23. Qe1 c5 24. Qc3 cxd4 25. exd4 Qb7 26. Qg3 Kh8 27. Qe5 Qb6 28. Rg5 Re8 29. Qg3 Qxd4+ 30. Kh1 Qxb2 31. Bf1 Qc1 32. Kg1 b2 0-1


[Site "https://www.chess.com"]

[Event "Titled Tuesday Blitz December 13 Early 2022"]
[White "Muminova, Nafisa"]
[Black "Ronka, Erik"]
[WhiteFideId "14201526"]
[BlackFideId "505080"]
[WhiteElo "2258"]
[BlackElo "2264"]
[Result "0-1"]
[Round "08"]
[TimeControl "180+1"]
[Date "2022.12.14"]
[WhiteClock "0:00:03"]
[BlackClock "0:00:03"]

1. e4 c5 2. Nf3 d6 3. d4 cxd4 4. Nxd4 Nf6 5. Nc3 g6 6. Be3 Bg7 7. f3 O-O 8. Bc4 Nc6 9. Bb3 Bd7 10. h4 h5 11. Qd2 Rc8 12. O-O-O Ne5 13. Bh6 Bxh6 14. Qxh6 Rxc3 15. bxc3 Qa5 16. Ne2 Bb5 17. Nf4 Bc4 18. Nd5 Nxd5 19. exd5 Qxc3 20. Kb1 Qb4 21. Qd2 Qa3 22. Qc1 Qc5 23. Qd2 Rc8 24. Rhe1 a5 25. f4 Ng4 26. Rxe7 a4 27. Bxc4 Qxc4 28. Rxb7 a3 29. Rb4 Qc5 30. Rb3 Nf2 31. Re1 f6 32. Qe2 Ng4 33. Qe6+ Kh7 34. Qe7+ Kh6 35. Qe2 f5 36. Qd3 Nf6 0-1


[Site "https://www.chess.com"]

[Event "Titled Tuesday Blitz December 13 Early 2022"]
[White "Nakamura, Hikaru"]
[Black "Vokhidov, Shamsiddin"]
[WhiteFideId "2016192"]
[BlackFideId "14204223"]
[WhiteElo "2909"]
[BlackElo "2597"]
[Result "1-0"]
[Round "08"]
[TimeControl "180+1"]
[Date "2022.12.13"]
[WhiteClock "0:01:20"]
[BlackClock "0:00:11"]

1. h3 e5 2. e4 Nf6 3. Nc3 Bb4 4. a3 Ba5 5. Nf3 O-O 6. b4 Bb6 7. d3 d5 8. Nxd5 Nxd5 9. exd5 c6 10. dxc6 Nxc6 11. Be2 a5 12. Rb1 axb4 13. axb4 Be6 14. O-O Ba2 15. Rb2 Bd4 16. Nxd4 Nxd4 17. c3 Nxe2+ 18. Qxe2 Be6 19. Qxe5 Qxd3 20. Be3 Rfe8 21. Qd4 Qxd4 22. Bxd4 Bc4 23. Rd1 b5 24. Kh2 Re2 25. Rxe2 Bxe2 26. Re1 Bc4 27. Re7 f6 28. g4 h6 29. h4 Rf8 30. Kg3 Rf7 31. Re8+ Rf8 32. Re7 Rf7 33. Re1 Kh7 34. f4 f5 35. g5 h5 36. Be5 Rd7 37. Ra1 Bd5 38. Ra6 Rb7 39. Kf2 Bc4 40. Ke3 Rd7 41. Bd6 Rd8 42. Kd4 Re8 43. Ra7 Kg6 44. Be5 Bf7 45. Kc5 1-0


[Site "https://www.chess.com"]

[Event "Titled Tuesday Blitz December 13 Early 2022"]
[White "Omariev, Maksim"]
[Black "Aloma Vidal, Robert"]
[WhiteFideId "4193423"]
[BlackFideId "2260409"]
[WhiteElo "2418"]
[BlackElo "2435"]
[Result "0-1"]
[Round "08"]
[TimeControl "180+1"]
[Date "2022.12.14"]
[WhiteClock "0:00:01"]
[BlackClock "0:00:22"]

1. e4 e5 2. Nf3 Nf6 3. Nxe5 d6 4. Nf3 Nxe4 5. Nc3 Nf6 6. d4 g6 7. Bg5 Bg7 8. Qd2 h6 9. Bf4 a6 10. O-O-O b5 11. Re1+ Kf8 12. h3 Bb7 13. Bd3 Nbd7 14. Kb1 Nb6 15. Ne4 Nfd5 16. Bh2 Nc4 17. Qe2 Ndb6 18. g4 Rb8 19. h4 Bd5 20. h5 g5 21. Nfd2 Na4 22. b3 Bxd4 23. Bxc4 bxc4 24. Kc1 cxb3 25. axb3 Nb6 26. f4 a5 27. Rhf1 a4 28. fxg5 hxg5 29. Qf3 axb3 30. Nxb3 Bg7 31. Qf5 Qc8 32. Qxg5 Bh6 33. Bf4 Bxg5 34. Nxg5 Nc4 35. h6 Qa6 0-1


[Site "https://www.chess.com"]

[Event "Titled Tuesday Blitz December 13 Early 2022"]
[White "Omelja, Artem"]
[Black "Kalashian, David"]
[WhiteFideId "14119846"]
[BlackFideId "13302418"]
[WhiteElo "2404"]
[BlackElo "2490"]
[Result "0-1"]
[Round "08"]
[TimeControl "180+1"]
[Date "2022.12.14"]
[WhiteClock "0:00:05"]
[BlackClock "0:00:16"]

1. e4 c6 2. Ne2 g6 3. d4 Bg7 4. c3 d6 5. Nf4 Nf6 6. Bd3 O-O 7. O-O e5 8. Ne2 exd4 9. Nxd4 Re8 10. Re1 Nbd7 11. Bc2 Nc5 12. f3 d5 13. e5 Nfd7 14. f4 Ne6 15. f5 Nxd4 16. cxd4 c5 17. e6 fxe6 18. fxg6 Bxd4+ 19. Be3 Bxb2 20. gxh7+ Kh8 21. Nd2 Bg7 22. Nf3 Ne5 23. Nxe5 Bxe5 24. Bxc5 Bg7 25. Bg6 Rf8 26. Bxf8 Qxf8 27. Rc1 Bd7 28. Rf1 Qd6 29. Rf7 Be8 30. Rxg7 Kxg7 31. Bxe8 Rxe8 32. Qg4+ Kh8 33. Qg6 Rf8 34. h3 Qb6+ 35. Kh1 e5 36. Qg5 Qf6 37. Qe3 Qf4 38. Qa3 d4 39. Rc7 e4 40. Qe7 Qf1+ 41. Kh2 Qf6 42. Kg1 Qf1+ 43. Kh2 Qf6 44. Kg1 Qxe7 45. Rxe7 e3 46. Re4 Kxh7 47. g4 Kg6 48. Kg2 Rf2+ 49. Kg3 Rd2 50. Kf3 Rf2+ 51. Kg3 Rd2 52. Kf3 a5 53. h4 a4 54. Re6+ Kf7 55. Re5 b5 56. Rxb5 e2 57. Re5 d3 58. g5 Rd1 59. Kf2 Rf1+ 60. Kg2 e1=Q 61. Rxe1 Rxe1 62. Kf3 d2 63. Kg4 d1=Q+ 64. Kf5 Qd5+ 65. Kg4 Qe4+ 66. Kh5 Qf3+ 67. Kh6 Re6+ 68. Kh7 Qh5# 0-1


[Site "https://www.chess.com"]

[Event "Titled Tuesday Blitz December 13 Early 2022"]
[White "Orlov, Georgi"]
[Black "Moskvin, Anatoly"]
[WhiteFideId "2011271"]
[BlackFideId "24199990"]
[WhiteElo "2524"]
[BlackElo "2104"]
[Result "0-1"]
[Round "08"]
[TimeControl "180+1"]
[Date "2022.12.14"]
[WhiteClock "0:00:05"]
[BlackClock "0:00:10"]

1. e4 e5 2. Nf3 d5 3. exd5 e4 4. Qe2 Nf6 5. d3 Qxd5 6. Nbd2 Nc6 7. Nxe4 Be6 8. Neg5 O-O-O 9. Nxe6 fxe6 10. c3 e5 11. Ng5 Bc5 12. g3 Qxh1 13. Be3 Bxe3 14. fxe3 Qd5 15. e4 Qg8 16. Bh3+ Kb8 17. b4 h6 18. Ne6 Rd6 19. Nc5 g5 20. O-O-O g4 21. Bg2 Qg5+ 22. Kc2 Rhd8 23. Bf1 Nd7 24. Nb3 h5 25. b5 Ne7 26. d4 exd4 27. cxd4 Ne5 28. Kb2 Nf3 29. e5 Nxe5 30. Rc1 Nf3 31. Bg2 Qf6 32. Rc3 Nxd4 33. Nxd4 Rxd4 34. Kb3 Rd2 35. Qe4 Qf7+ 36. Rc4 R8d3+ 37. Kb4 Rb2+ 38. Ka4 Rxa2+ 39. Kb4 Rb2+ 40. Ka4 Rd5 41. Rd4 Rbxb5 42. Rxd5 Rxd5 43. Qb4 Qe8+ 44. Kb3 Qd7 45. Bxd5 Qxd5+ 46. Ka3 Qd6 47. Kb3 Qxb4+ 48. Kxb4 b6 49. Kb5 c5 50. Ka6 c4 0-1


[Site "https://www.chess.com"]

[Event "Titled Tuesday Blitz December 13 Early 2022"]
[White "Osinovsky, Stepan"]
[Black "Hoffmann, Asa"]
[WhiteFideId "4157354"]
[BlackFideId "2001470"]
[WhiteElo "2222"]
[BlackElo "2117"]
[Result "1-0"]
[Round "08"]
[TimeControl "180+1"]
[Date "2022.12.14"]
[WhiteClock "0:00:44"]
[BlackClock "0:00:25"]

1. e4 d6 2. d4 Nf6 3. Nc3 c6 4. g3 Nbd7 5. Bg2 e5 6. Nge2 Be7 7. Be3 b5 8. a3 a6 9. h3 Qc7 10. Qd2 Nb6 11. b3 O-O 12. O-O Re8 13. g4 Nfd7 14. Ng3 Bf8 15. Nce2 Bb7 16. f4 exd4 17. Nxd4 c5 18. Nde2 Rad8 19. Rfd1 g6 20. Qa5 Bg7 21. Ra2 Nb8 22. Qe1 Nc6 23. Qf2 a5 24. c3 a4 25. b4 Nc4 26. Bc1 cxb4 27. cxb4 Ne7 28. Rc2 d5 29. e5 f6 30. Nd4 fxe5 31. Ne6 Qd7 32. Nxd8 Rxd8 33. fxe5 Bxe5 34. Bg5 Rf8 35. Qe1 Bf6 36. Bxf6 Rxf6 37. Re2 Nc6 38. Bxd5+ Kg7 39. Bxc4 Qc7 40. Bxb5 Rf3 41. Nf1 Qb6+ 42. Rf2 Rxf2 43. Qxf2 Qxb5 44. Rd7+ Kh6 45. Qf4+ g5 46. Qf6# 1-0


[Site "https://www.chess.com"]

[Event "Titled Tuesday Blitz December 13 Early 2022"]
[White "Ozen, Bahadir"]
[Black "Volkov, Maksim"]
[WhiteFideId "6337058"]
[BlackFideId "54123070"]
[WhiteElo "2503"]
[BlackElo "2257"]
[Result "1-0"]
[Round "08"]
[TimeControl "180+1"]
[Date "2022.12.14"]
[WhiteClock "0:00:03"]
[BlackClock "0:00:05"]

1. g3 d5 2. Nf3 Nf6 3. Bg2 Bg4 4. h3 Bh5 5. O-O e6 6. c4 c6 7. cxd5 Bxf3 8. Bxf3 cxd5 9. Nc3 Nc6 10. d3 Bd6 11. Bg2 O-O 12. a3 Rc8 13. Bd2 Qe7 14. Qa4 a6 15. Rfc1 Rc7 16. Qd1 Rfc8 17. Rab1 Nd4 18. e3 Nf5 19. Ne2 e5 20. e4 dxe4 21. dxe4 Nd4 22. Nxd4 exd4 23. Qe2 Nd7 24. f4 f6 25. b4 b5 26. Kh2 Nb6 27. Qd3 Nc4 28. Be1 Rd8 29. Bf2 h5 30. h4 g5 31. hxg5 fxg5 32. e5 gxf4 33. exd6 Qxd6 34. gxf4 Rg7 35. Rg1 Qxf4+ 36. Bg3 Qg5 37. Bh3 Qe3 38. Qxe3 dxe3 39. Be6+ Kh7 40. Bxc4 bxc4 41. Rbe1 Rd3 42. Kh3 Rxa3 43. Re2 Re7 44. Rc1 c3 45. b5 axb5 46. Bd6 Ra2 47. Rxa2 Re6 48. Bg3 b4 49. Re2 Kg6 50. Bf4 Re4 51. Kg3 Kf5 52. Bxe3 h4+ 53. Kf3 Rc4 54. Rf2 b3 55. Ke2+ Ke6 56. Kd3 b2 57. Rb1 Rb4 58. Rc2 1-0


[Site "https://www.chess.com"]

[Event "Titled Tuesday Blitz December 13 Early 2022"]
[White "Pajeken, Jakob Leon"]
[Black "Donchenko, Alexander"]
[WhiteFideId "12942839"]
[BlackFideId "24603295"]
[WhiteElo "2414"]
[BlackElo "2581"]
[Result "0-1"]
[Round "08"]
[TimeControl "180+1"]
[Date "2022.12.14"]
[WhiteClock "0:00:04"]
[BlackClock "0:00:34"]

1. d4 Nf6 2. Nf3 d5 3. c4 e6 4. e3 Be7 5. b3 O-O 6. Ba3 Bxa3 7. Nxa3 c5 8. Nc2 Nc6 9. cxd5 Nxd5 10. dxc5 Qa5+ 11. Qd2 Qxc5 12. Ncd4 Nxd4 13. Nxd4 Bd7 14. Rc1 Qa3 15. Bb5 Rfd8 16. O-O e5 17. Bxd7 exd4 18. Bh3 dxe3 19. fxe3 Qe7 20. Rf3 h6 21. Rcf1 Nf6 22. Qf2 Rd6 23. Qh4 Rad8 24. Rg3 Kf8 25. Bf5 Rd1 26. Qc4 Rxf1+ 27. Kxf1 g6 28. Bc2 Kg7 29. Rf3 Qe5 30. h3 Rd2 31. Kg1 b5 32. Qc6 b4 33. Rf2 Rxf2 34. Kxf2 Nd5 35. Qc5 a5 36. Qd4 Kf6 37. Ke2 Nc3+ 38. Kd3 Nxa2 39. Kc4 Nc3 40. Qf4+ Qxf4+ 41. exf4 g5 42. fxg5+ Kxg5 43. Kc5 Ne2 44. Kb6 Nd4 45. Bd1 a4 46. bxa4 b3 47. Bxb3 Nxb3 48. Kb5 Kf4 49. Kc4 Na5+ 50. Kd5 Kg3 51. Ke5 Kxg2 52. Kf6 Kxh3 53. Kxf7 h5 54. Kg6 h4 0-1


[Site "https://www.chess.com"]